 Dungeon Crawl Stone Soup version 0.31.0-32-g396128a36d (webtiles) character file.

Game seed: 6836950138565253110

172 Killerpretzel the Changeling (level 5, -4/35 HPs)
             Began as an Octopode Shapeshifter on Mar 8, 2024.
             Killed from afar by an orc wizard (10 damage)
             ... with a puff of flame
             ... on level 4 of the Dungeon.
             The game lasted 00:03:23 (2731 turns).

Killerpretzel the Changeling (OpSh)                 Turns: 2731, Time: 00:03:24

Health: -4/35      AC:  1    Str: 14    XL:     5   Next: 53%
Magic:  5/5        EV: 13    Int: 12    God:
Gold:   172        SH:  0    Dex: 13    Spells: 4/4 levels left

rFire   . .          .
                       - Unarmed
rCold   . . .        (no shield)
rNeg    . . .        (helmet currently unavailable)
rPois   .            (no amulet)
rElec   .            (no ring)
rCorr   .            (no ring)
SInv    .            (no ring)
Will    .....        (no ring)
Stlth   ++           (no ring)
HPRegen 0.25/turn    (no ring)
MPRegen 0.09/turn    (no ring)
                     (no ring)

%: no passive effects
@: confused, beast-form
A: beast (slay +2), almost no armour, amphibious, 8 rings, camouflage 1,
gelatinous body 1, (nimble swimmer 1), tentacles
a: Begin Untransformation


You were on level 4 of the Dungeon.
You were a hulking beast.
You visited 1 branch of the dungeon, and saw 4 of its levels.

You collected 172 gold pieces.

Inventory:

Jewellery
 d - a ring of ice
 l - a +4 ring of protection
Talismans
 b - a beast talisman
 c - a flux talisman
Scrolls
 e - 4 scrolls of vulnerability
 f - a scroll of blinking
 j - 2 scrolls of immolation
 k - 3 scrolls of revelation
 p - a scroll of fear
Potions
 a - a potion of lignification
 g - a potion of attraction
 h - 3 potions of mutation
 m - a potion of ambrosia


   Skills:
 + Level 2.4 Fighting
 + Level 3.0 Dodging
 + Level 3.7 Unarmed Combat
 * Level 4.2 Shapeshifting


You had 4 spell levels left.
You didn't know any spells.
Your spell library contained the following spells:

 Spells                   Type           Power      Damage    Failure   Level
 Apportation              Tloc           0%         N/A       32%         1
 Freeze                   Ice            0%         1d3       32%         1
 Necrotise                Necr           0%         1d4       32%         1
 Shock                    Conj/Air       0%         1d3       32%         1
 Sting                    Conj/Alch      0%         1d3       32%         1
 Summon Small Mammal      Summ           0%         N/A       32%         1
 Mercury Vapours          Alch/Air       0%         N/A       45%         2
 Swiftness                Air            0%         N/A       69%         3
 Tukima's Dance           Hex            0%         N/A       69%         3
 Vampiric Draining        Necr           0%         2d6       69%         3
 Airstrike                Air            0%         2d(0-16)  97%         4
 Martyr's Knell           Necr/Summ      0%         N/A       97%         4
 Olgreb's Toxic Radiance  Alch           0%         N/A       97%         4
 Passage of Golubria      Tloc           0%         N/A       97%         4
 Curse of Agony           Necr           0%         N/A       100%        5
 Yara's Violent Unravell  Hex/Alch       0%         3d3       100%        5


Dungeon Overview and Level Annotations

Branches:
Dungeon (4/15)
 Temple: D:4-7

Altars:
Qazlal
Zin

Shops:
D:3 :


Innate Abilities, Weirdness & Mutations

You are a hulking beast.
Your limbs bulge with bestial killing power. (Slay +2)
You cannot wear most types of armour.
You are amphibious.
You can wear up to eight rings at the same time.
Your skin changes colour to match your surroundings (Stealth+).
Your rubbery body absorbs attacks. (AC +1, EV +1)
((You are camouflaged when in or above water. (Stealth+)))
You have tentacles for arms and can constrict up to eight enemies at once.


Message History

* * * LOW HITPOINT WARNING * * *
You tentacle-slap the orc but do no damage.
The orc is severely wounded.
You constrict the orc.
You kill the orc!
You tentacle-slap the orc. You grab the orc. You squeeze the orc.
You kill the orc!
You are too injured to fight recklessly!
You are too injured to fight recklessly!
You are too injured to fight recklessly!
You are too injured to fight recklessly!
You are too injured to fight recklessly!
You are too injured to fight recklessly!
You are too injured to fight recklessly!
You are too injured to fight recklessly!
You are too injured to fight recklessly!
You are too injured to fight recklessly!
An orc wizard comes into view. It is wielding a +0 dagger.
You are too injured to fight recklessly!
You are too injured to fight recklessly!
You are too injured to fight recklessly!
You are too injured to fight recklessly!
You are too injured to fight recklessly!
You are too injured to fight recklessly!
You are too injured to fight recklessly!
You are too injured to fight recklessly!
You are too injured to fight recklessly!
You are too injured to fight recklessly!
An orc wizard is nearby!
The orc wizard hits you with a +0 dagger.
* * * LOW HITPOINT WARNING * * *
You bludgeon the orc wizard! Your grab misses the orc wizard.
The orc wizard is heavily wounded.
The orc wizard points at you and mumbles some strange words.
You are confused.
You closely miss the orc wizard. Your squeeze misses the orc wizard.
The orc wizard is heavily wounded.
The orc wizard gestures at you while chanting.
The puff of flame hits you!
You die...

#.# ... .o# #.# .
##.## .. #...#
...########)..####
.........ho...>..#
.........##)####....
........###.# .
...###### #.# #.# #.#
#.# #########
#.####.######.......#
#.............#####[#


You could see an orc wizard.

Vanquished Creatures
  Jessica (D:3)
  An orc wizard (D:4)
  3 adders (D:3)
  4 dart slugs
  A ribbon worm (D:2)
  9 orcs
  4 endoplasms
  4 giant cockroaches
  4 goblins
  2 hobgoblins
  3 jackals (D:1)
  3 kobolds
  5 quokkas
  5 ball pythons
  4 bats
  2 frilled lizards
  4 rats
59 creatures vanquished.

Vanquished Creatures (others)
  An orc wizard (D:4)
1 creature vanquished.

Grand Total: 60 creatures vanquished

Notes
Turn   | Place    | Note
-------+----------+-------------------------------------------
     0 | D:1      | Killerpretzel the Octopode Shapeshifter began the quest for
                  | the Orb.
     0 | D:1      | Reached XP level 1. HP: 13/13 MP: 1/1
   280 | D:1      | Reached XP level 2. HP: 18/18 MP: 2/2
   420 | D:1      | Found a faded altar of an unknown god.
   430 | D:1      | Got Plato's Volume of Firn
  1272 | D:2      | Reached XP level 3. HP: 17/23 MP: 3/3
  1808 | D:3      | Found Peuham's Vocational Training.
  1930 | D:3      | Noticed Jessica
  1934 | D:3      | Killed Jessica
  1935 | D:3      | Reached XP level 4. HP: 21/29 MP: 4/4
  2029 | D:3      | Found a stormy altar of Qazlal.
  2291 | D:3      | Found a glowing silver altar of Zin.
  2455 | D:3      | Reached skill level 4 in Shapeshifting
  2512 | D:3      | Reached XP level 5. HP: 34/34 MP: 5/5
  2645 | D:4      | HP: 1/34 [something (2)]
  2731 | D:4      | Killed from afar by an orc wizard

Illustrated notes

Levels and vault maps discovered:
D:1:      dpeg_arrival_water_fire, layout_loops_ring,
          shapermc_ecumenical_altar_rom_forum, chequers_serial_rivers_large_b
D:2:      layout_basic, minmay_pentomino_z4
D:3:      layout_loops_cross, nicolae_overflow_crystal_walls,
          mainiacjoe_overflow_concentric_impassable, nicolae_shop_vocational,
          uniq_jessica
D:4:      layout_loops_cross, lemuel_round_altar

Skill      XL: |  1  2  3  4  5 |
---------------+----------------+-----
Fighting       | 2 |  2.4
Shapeshifting  | 4 |  4.2
Dodging        | 3 |  3.0
Unarmed Combat | |  3.7

Action                     |  1- 3 |  4- 6 || total
---------------------------+-------+-------++-------
  Melee: Unarmed           |    61 |    64 ||   125
         Constrict         |    17 |    15 ||    32
         Punch             |     5 |     2 ||     7
         Tentacles         |    12 |    10 ||    22
    Use: Scroll            |    10 |     3 ||    13
         Potion            |       |     2 ||     2
   Stab: Sleeping          |    10 |     4 ||    14
 Armour: Skin              |    12 |    34 ||    46
  Dodge: Dodged            |    24 |    12 ||    36
